 Seeded DCSS version 0.31-a0-331-geda263fcf1 (webtiles) character file.

Game seed: 14215367866634240820 (custom seed)

14105 innerfire43 the Blocker (level 11, -2/81 HPs)
             Began as a Demonspawn Monk on July 19, 2023.
             Was an Elder of Qazlal.
             Constricted to death by Jorgrun (7 damage)
             ... on level 12 of the Dungeon.
             The game lasted 00:15:45 (8885 turns).

innerfire43 the Blocker (Demonspawn Monk)           Turns: 8885, Time: 00:15:46

Health: -2/81      AC: 13    Str: 15    XL:     11   Next: 84%
Magic:  11/11      EV: 10    Int: 13    God:    Qazlal [****..]
Gold:   387        SH: 27    Dex: 15    Spells: 10/10 levels left

rFire   + + .        b - +5 hand crossbow (flame)
rCold   + + .        l - +2 shield of Resistance {rF++ rC++ Will++}
rNeg    . . .        W - +1 troll leather armour
rPois   +            V - +0 hat {Stlth+}
rElec   .            (no cloak)
rCorr   +            U - +0 pair of gloves
SInv    .            n - +0 pair of boots
Will    ++...        A - amulet of magic regeneration
Stlth   +            K - ring of poison resistance
HPRegen 1.13/turn    x - ring of resist corrosion
MPRegen 0.52/turn

%: repel missiles
@: grasped by roots, constricted
A: horns 1, large bone plates 1, demonic guardian 2, icemail 1, condensation
shield
a: Renounce Religion, Upheaval, Elemental Force


You were on level 12 of the Dungeon.
You worshipped Qazlal.
Qazlal was greatly pleased with you.
You visited 2 branches of the dungeon, and saw 13 of its levels.

You collected 604 gold pieces.
You spent 217 gold pieces at shops.

Inventory:

Hand Weapons
 a - a +3 broad axe of flaming
 b - a +5 hand crossbow of flaming (weapon)
 r - a +0 hand axe
 I - a +0 war axe
 M - a +1 war axe of flaming
Missiles
 f - 5 silver javelins
Armour
 d - an orb of light
 l - the +2 shield of Resistance (worn) {rF++ rC++ Will++}
   (You acquired it on level 12 of the Dungeon)

   rF:        It greatly protects you from fire.
   rC:        It greatly protects you from cold.
   Will:      It greatly increases your willpower.
 n - a +0 pair of boots (worn)
 O - a +3 buckler
 U - a +0 pair of gloves (worn)
 V - a +0 hat of stealth (worn)
 W - a +1 troll leather armour (worn)
Jewellery
 x - a ring of resist corrosion (right hand)
 A - an amulet of magic regeneration (around neck)
 B - a ring of see invisible
 H - a ring of flight
 K - a ring of poison resistance (left hand)
Talismans
 s - a serpent talisman
Wands
 u - a wand of roots (19)
 v - a wand of polymorph (26)
 y - a wand of mindburst (17)
 D - a wand of paralysis (22)
 G - a wand of quicksilver (17)
 S - a wand of flame (30)
Scrolls
 g - a scroll of fog
 j - a scroll of amnesia
 p - 2 scrolls of poison
 t - a scroll of summoning {unknown}
 C - a scroll of fear {unknown}
 F - 3 scrolls of vulnerability
 N - 2 scrolls of blinking
 P - 2 scrolls of teleportation
 R - a scroll of revelation {unknown}
 Y - a scroll of silence {unknown}
Potions
 e - a potion of attraction
 h - 4 potions of curing
 q - 2 potions of berserk rage
 w - a potion of lignification
 z - a potion of degeneration
 E - 2 potions of haste
 J - 3 potions of brilliance
 L - 3 potions of might
 Q - a potion of ambrosia
 T - a potion of heal wounds
 X - a potion of invisibility
Miscellaneous
 Z - a lightning rod (4/4)


   Skills:
 - Level 6.2 Fighting
 - Level 6.0 Axes
 - Level 7.3 Ranged Weapons
 - Level 7.6 Armour
 - Level 5.5 Dodging
 * Level 11.2 Shields


You had 10 spell levels left.
You didn't know any spells.
Your spell library contained the following spells:

 Spells                   Type           Power      Damage    Failure   Level
 Apportation              Tloc           0%         N/A       61%         1
 Necrotise                Necr           0%         1d4       61%         1
 Sandblast                Erth           0%         2d4       61%         1
 Summon Small Mammal      Summ           0%         N/A       61%         1
 Passwall                 Tmut/Erth      0%         N/A       75%         2
 Sublimation of Blood     Necr           0%         N/A       75%         2
 Gell's Gravitas          Tloc           0%         N/A       93%         3
 Hailstorm                Conj/Ice       0%         3d3       93%         3
 Stone Arrow              Conj/Erth      0%         3d7       93%         3
 Teleport Other           Tloc           0%         N/A       93%         3
 Petrify                  Tmut/Erth      0%         N/A       100%        4
 Summon Ice Beast         Ice/Summ       0%         N/A       100%        4
 Irradiate                Conj/Tmut      0%         3d11      100%        5
 Dispersal                Tloc           0%         N/A       100%        6
 Simulacrum               Ice/Necr       0%         N/A       100%        6


Dungeon Overview and Level Annotations

Branches:
Dungeon (12/15)            Temple (1/1) D:7            Lair (0/5) D:9
    Orc (0/2) D:9

Altars:
Ashenzari
Cheibriados
Dithmenos
Fedhas
Gozag
Hepliaklqana
Kikubaaqudgha
Makhleb
Nemelex Xobeh
Okawaru
Qazlal
Ru
Sif Muna
Trog
Uskayaw
Vehumet
Wu Jian
Xom
Yredelemnul

Shops:
D:4 [   D:5 *   D:7 *   D:9 !

Annotations:
D:12 Jorgrun


Innate Abilities, Weirdness & Mutations

You have a pair of small horns on your head.
You are partially covered in large bone plates. (SH +4)
A demonic guardian rushes to your aid.
A meltable icy envelope protects you from harm. (AC +4)
A meltable shield of frost defends you. (SH +4)


Message History

You are too injured to fight recklessly!
You are too injured to fight recklessly!
You are too injured to fight recklessly!
Unknown command.
It was a potion of curing.
You feel better.
Jorgrun says, "I've ne'er se'n tha particular type o' rock formation 'fore."
Jorgrun hits your smoke demon with a +0 heavy quarterstaff!
The grasping roots constrict you!
Your smoke demon hits Jorgrun. x2
Your smoke demon closely misses Jorgrun.
You are too injured to fight recklessly!
You are too injured to fight recklessly!
Fire: b) +5 hand crossbow (flame)
Press: ? - help, Q - select action, (/) - cycle Shift-Dir - straight line, f/p - Jorgrun
Aim: Jorgrun, wielding a +0 heavy quarterstaff and wearing a +2 robe (lightly wounded, not watching you, ally target, 57% to hit)
You shoot a bolt.
Your demonic guardian avoids your attack.
The bolt misses Jorgrun.
Your smoke demon closely misses Jorgrun.
Your smoke demon hits Jorgrun.
Your smoke demon barely misses Jorgrun.
Jorgrun hits your smoke demon with a +0 heavy quarterstaff!
The grasping roots constrict you!
Your smoke demon misses Jorgrun.
Your smoke demon barely misses Jorgrun.
Your smoke demon hits Jorgrun but does no damage.
Fire: b) +5 hand crossbow (flame)
Press: ? - help, Q - select action, (/) - cycle Shift-Dir - straight line, f/p - Jorgrun
Aim: Jorgrun, wielding a +0 heavy quarterstaff and wearing a +2 robe (lightly wounded, ally target, 57% to hit)
You shoot a bolt.
Your demonic guardian avoids your attack.
The bolt barely misses Jorgrun.
Jorgrun says, "'tis place shall be yer tomb!"
Jorgrun points at you and mumbles some strange words.
The entropic shot hits your smoke demon!!
Your smoke demon dies!
Your smoke demon disappears in a puff of smoke!
The grasping roots constrict you. Jorgrun casts a spell next to you.
The wall shatters!
The blast of rock fragments hits you!!
* * * LOW HITPOINT WARNING * * *
The grasping roots constrict you!
You die...

#.#.## #.#### ...###
#..>.# ...### #....#
...### #....#
#§#§##########....#
§#§§##########....#
#.#...###^..##.☼..#
...#.#...#.#..○.###.####
....#.....#....#@.○...!#
...#.#...#.#..##~§.....#
#.#...###(..###~§~.....#
.#..##########..g~.....#
#.#.###########........#
...## ##.......# ...##
#.......# ...##
#.......# # .#


You could see Jorgrun (struggling).

Vanquished Creatures
  Gastronok (D:12)
  3 two-headed ogres
  Pikel (D:7)
  2 cyclopes (D:11)
  Maggie (D:7)
  A gargoyle (D:11)
  An unseen horror (D:11)
  A kobold demonologist (D:11)
  2 trolls
  A hornet (D:9)
  A shadow (D:10)
  2 wyverns
  10 yaks
  2 steam dragons
  2 hogs (D:12)
  2 vampire mosquitoes (D:11)
  2 water moccasins
  Duvessa (D:7)
  2 ice beasts
  2 sky beasts
  3 black bears
  3 orc warriors
  3 centaurs
  3 kobold brigands
  A phantom (D:5)
  A bullfrog (D:9)
  2 scorpions
  2 gnoll sergeants
  8 wights (D:7)
  Dowan (D:7)
  9 killer bees
  A howler monkey (D:9)
  4 hounds
  4 orc priests
  3 iguanas
  Ijyb (D:4)
  Terence (D:3)
  4 orc wizards
  3 adders
  9 gnolls
  2 white imps
  2 dart slugs
  23 orcs
  9 ball pythons
  10 endoplasms
  7 giant cockroaches
  9 goblins
  6 hobgoblins
  6 jackals (D:1)
  13 kobolds
  10 quokkas
  5 bats
  4 frilled lizards
  4 rats
216 creatures vanquished.

Vanquished Creatures (collateral kills)
  Kirke (D:12)
  A two-headed ogre (D:11)
  2 yaks (D:7)
  A hog (D:12)
  A scorpion (D:6)
  A hound (D:5)
  2 gnolls (D:2)
  An adder (D:3)
  2 worms
  2 orcs
  2 kobolds (D:4)
  A ball python (D:4)
  A frilled lizard (D:3)
18 creatures vanquished.

Grand Total: 234 creatures vanquished

Notes
Turn   | Place    | Note
-------+----------+-------------------------------------------
     0 | D:1      | innerfire43 the Demonspawn Monk began the quest for the
                  | Orb.
     0 | D:1      | Reached XP level 1. HP: 18/18 MP: 1/1
    51 | D:1      | Gained mutation: A weak demonic guardian rushes to your
                  | aid. [demonic ancestry]
    51 | D:1      | Reached XP level 2. HP: 11/24 MP: 2/2
   377 | D:1      | Reached XP level 3. HP: 19/29 MP: 3/3
  1267 | D:2      | Gained mutation: A demonic guardian rushes to your aid.
                  | [demonic ancestry]
  1267 | D:2      | Reached XP level 4. HP: 10/35 MP: 4/4
  1274 | D:2      | Reached skill level 1 in Armour
  1748 | D:3      | Noticed Terence
  1763 | D:3      | Killed Terence
  1764 | D:3      | Reached XP level 5. HP: 19/42 MP: 5/5
  2656 | D:4      | Found Junwutirr's Armour Shoppe.
  2728 | D:4      | Noticed Ijyb
  2744 | D:4      | Killed Ijyb
  3023 | D:4      | Noticed a black bear
  3033 | D:4      | Killed a black bear
  3034 | D:4      | Reached XP level 6. HP: 8/48 MP: 6/6
  3709 | D:5      | Entered Level 5 of the Dungeon
  3719 | D:5      | Noticed a sky beast
  3728 | D:5      | Killed a sky beast
  3729 | D:5      | Gained mutation: A meltable shield of frost defends you.
                  | (SH +4) [demonic ancestry]
  3729 | D:5      | Reached XP level 7. HP: 36/55 MP: 7/7
  3844 | D:5      | Reached skill level 5 in Axes
  4676 | D:5      | Found Ucuimn's Serpentskin Sales.
  4687 | D:5      | Gained mutation: You are partially covered in large bone
                  | plates. (SH +4) [demonic ancestry]
  4687 | D:5      | Reached XP level 8. HP: 33/61 MP: 8/8
  4946 | D:6      | Reached skill level 5 in Fighting
  5168 | D:6      | Identified a scroll of acquirement
  5168 | D:6      | Acquired a +3 hand crossbow of flaming
  5286 | D:6      | Identified the +1 long sword "Demon's Foe" {pain, *Slow
                  | rPois Str-4 Int+5}
  5560 | D:7      | Noticed Pikel
  5567 | D:7      | Killed Pikel
  5568 | D:7      | Reached skill level 5 in Armour
  5651 | D:7      | Found a staircase to the Ecumenical Temple.
  5659 | D:7      | Noticed Dowan
  5659 | D:7      | Noticed Duvessa
  5668 | D:7      | Killed Dowan
  5675 | D:7      | Killed Duvessa
  5676 | D:7      | Reached skill level 5 in Dodging
  5685 | Temple   | Entered the Ecumenical Temple
  5702 | Temple   | Became a worshipper of Qazlal Stormbringer
  5702 | Temple   | Reached * piety under Qazlal
  5702 | Temple   | Reached ** piety under Qazlal
  5834 | D:7      | Gained mutation: You have a pair of small horns on your
                  | head. [demonic ancestry]
  5834 | D:7      | Reached XP level 9. HP: 41/66 MP: 9/9
  6112 | D:7      | Noticed Maggie
  6119 | D:7      | Killed Maggie
  6120 | D:7      | Reached skill level 5 in Ranged Weapons
  6197 | D:7      | Found Jeemya's Assorted Antiques.
  6202 | D:7      | Bought a glowing broad axe for 217 gold pieces
  6539 | D:8      | Gained mutation: A meltable icy envelope protects you from
                  | harm. (AC +4) [demonic ancestry]
  6539 | D:8      | Reached XP level 10. HP: 65/76 MP: 10/10
  6719 | D:8      | Reached skill level 1 in Shields
  7094 | D:9      | Found a sacrificial altar of Ru.
  7097 | D:9      | Found an ancient bone altar of Kikubaaqudgha.
  7097 | D:9      | Found a hide-covered altar of Uskayaw.
  7098 | D:9      | Found a sparkling altar of Nemelex Xobeh.
  7098 | D:9      | Found a basalt altar of Yredelemnul.
  7109 | D:9      | Reached *** piety under Qazlal
  7184 | D:9      | Reached skill level 2 in Shields
  7209 | D:9      | Found a staircase to the Lair.
  7383 | D:9      | Found Luocluk's Distillery.
  7433 | D:9      | Found a staircase to the Orcish Mines.
  7460 | D:9      | Reached skill level 3 in Shields
  7590 | D:9      | Reached skill level 4 in Shields
  7819 | D:10     | Entered Level 10 of the Dungeon
  7837 | D:10     | Noticed a two-headed ogre
  7848 | D:10     | Killed a two-headed ogre
  7849 | D:10     | Reached skill level 5 in Shields
  7934 | D:10     | Identified the +1 rapier of Havoc {holy, rPois rF- Dex+6
                  | Stlth+}
  8024 | D:10     | Reached skill level 6 in Shields
  8065 | D:10     | You fall into a shaft and drop 2 floors!
  8083 | D:12     | Noticed Gastronok
  8093 | D:12     | Killed Gastronok
  8094 | D:12     | Reached skill level 7 in Shields
  8094 | D:12     | Reached XP level 11. HP: 81/81 MP: 11/11
  8124 | D:12     | Noticed a two-headed ogre
  8132 | D:12     | Killed a two-headed ogre
  8170 | D:11     | Reached skill level 8 in Shields
  8302 | D:11     | Reached skill level 9 in Shields
  8402 | D:11     | Noticed a two-headed ogre
  8404 | D:11     | Noticed a two-headed ogre
  8410 | D:11     | Killed a two-headed ogre
  8412 | D:11     | Killed a two-headed ogre
  8413 | D:11     | Reached skill level 10 in Shields
  8702 | D:12     | Noticed Kirke
  8707 | D:12     | Reached **** piety under Qazlal
  8715 | D:12     | Killed Kirke
  8716 | D:12     | Reached skill level 11 in Shields
  8832 | D:12     | Acquired the +2 shield of Resistance {rF++ rC++ Will++}
  8832 | D:12     | Found the +2 shield of Resistance {rF++ rC++ Will++}
  8879 | D:12     | Noticed Jorgrun
  8885 | D:12     | Constricted to death by Jorgrun

Illustrated notes

Levels and vault maps discovered:
D:1:      dpeg_arrival_castle, layout_basic, serial_forest,
          infiniplex_forest_straight_2, infiniplex_forest_straight_3,
          infiniplex_forest_clump_double, infiniplex_forest_lined_1,
          infiniplex_forest_clump_small, infiniplex_forest_straight_2,
          infiniplex_forest_lined_3_way
D:2:      layout_rooms
D:3:      layout_basic, general_overflow_altar, uniq_terence
D:4:      minmay_chambers_of_fours, layout_loops_ring, gup_sewer_entry_pipe,
          serial_shops, shop, uniq_ijyb
D:5:      layout_basic, guppyfry_shop_venom
D:6:      layout_rooms
D:7:      layout_rooms, minmay_temple_entry_hall, serial_shops,
          nicolae_shop_overgrown_old_shop, uniq_pikel, uniq_maggie, uniq_duvessa
D:8:      layout_cave_pools
D:9:      layout_basic, grunt_temple_overflow_open, lair_entry_dummy,
          serial_shops, shop
D:10:     layout_rooms
D:11:     layout_rooms, hangedman_abyss_or_decor_slice
D:12:     layout_rooms, nicolae_twisting_strands, uniq_kirke, uniq_jorgrun,
          uniq_gastronok
Temple:   nicolae_temple_elliptical

Skill      XL: |  1  2  3  4  5  6  7  8  9 10 11 |
---------------+----------------------------------+-----
Axes           | 3 4 5 6 |  6.0
Dodging        | 3 4 5 |  5.5
Armour         | 1 2 3 4 5 7 |  7.6
Fighting       | 4 5 6 |  6.2
Ranged Weapons | 3 6 7 |  7.3
Shields        | 7 11 | 11.2

Action                     |  1- 3 |  4- 6 |  7- 9 | 10-12 || total
---------------------------+-------+-------+-------+-------++-------
  Melee: Hand axe          |    80 |    60 |       |       ||   140
         War axe           |       |   116 |   100 |       ||   216
         Broad axe         |       |       |     4 |    16 ||    20
         Hand crossbow     |       |       |     3 |       ||     3
         Headbutt          |       |       |     2 |     4 ||     6
         Unarmed           |       |       |       |     1 ||     1
   Fire: Hand crossbow     |       |       |    80 |   191 ||   271
  Throw: Javelin           |     3 |       |       |       ||     3
    Use: Potion            |       |     1 |     1 |     2 ||     4
         Scroll            |       |       |     5 |    19 ||    24
   Stab: Distracted        |       |       |     1 |       ||     1
 Armour: Robe              |    13 |    53 |    39 |       ||   105
         Steam dragon scal |       |       |     4 |    21 ||    25
         Troll leather arm |       |       |       |    26 ||    26
         Skin              |       |       |       |     1 ||     1
  Dodge: Dodged            |    75 |   140 |    98 |    72 ||   385
         Repelled          |       |       |       |     1 ||     1
  Block: Orb               |       |       |    57 |     7 ||    64
         Buckler           |       |       |       |   156 ||   156
         Other             |       |       |       |     1 ||     1

Table legend: (Time is in decaauts)
 A = Elapsed time spent in this place.
 B = Non-inter-level travel time spent in this place.
 C = Inter-level travel time spent in this place.
 D = Time resting spent in this place.
 E = Time spent auto-exploring this place.
 F = Levels seen in this place.
 G = Mean time per level.
                   A        B        C        D        E       F      G
               +--------+--------+--------+--------+--------+-----+--------+
         Total |   9189 |   8790 |    399 |      0 |   7062 |  13 |  706.8 |
       Dungeon |   9155 |   8787 |    368 |      0 |   7062 |  12 |  762.9 |
        Temple |     33 |      2 |     31 |      0 |      0 |   1 |   33.0 |
               +--------+--------+--------+--------+--------+-----+--------+

Top non-repeatable levels by time:
     D:5: 1145 daAuts
     D:4: 1122 daAuts
     D:1: 1120 daAuts
     D:3: 1006 daAuts
     D:7: 944 daAuts
     D:9: 777 daAuts
     D:6: 714 daAuts
    D:11: 625 daAuts
     D:8: 619 daAuts
     D:2: 523 daAuts
    D:12: 299 daAuts
    D:10: 259 daAuts
  Temple: 33 daAuts
